 Dungeon Crawl Stone Soup version 0.30.1-4-g462c640d31 (webtiles) character file.

Game seed: 8687101956893289915

2418 wingedge the Stinger (level 9, -2/59 (75) HPs)
             Began as a Demigod Wanderer on Aug 24, 2023.
             Slain by a wight
             ... wielding a +4 trident
              (11 damage)
             ... on level 6 of the Dungeon.
             The game lasted 00:21:37 (6565 turns).

wingedge the Stinger (Demigod Wanderer)             Turns: 6565, Time: 00:21:37

HP:   -2/59 (75)    AC:  4    Str: 16    XL:     9   Next: 3%
MP:   17/17         EV: 13    Int: 27    God:
Gold: 295           SH:  0    Dex: 15    Spells: 7/14 levels left

rFire   . . .        a - +2 sling
rCold   . . .        (no shield)
rNeg    . . .        d - +0 robe
rPois   .            m - +1 helmet
rElec   .            (no cloak)
rCorr   .            (no gloves)
SInv    .            (no boots)
Will    .....        n - amulet of regeneration
Stlth   ++           f - +6 ring of strength
HPRegen 1.09/turn    (no ring)
MPRegen 0.15/turn

%: no passive effects
@: heavily drained
A: high MP 1, forlorn, divine attributes
a: no special abilities


You were on level 6 of the Dungeon.
You visited 1 branch of the dungeon, and saw 6 of its levels.
You also visited: Sewer.

You collected 295 gold pieces.

Inventory:

Hand Weapons
 a - a +2 sling (weapon)
 b - a +1 heavy hand axe
 l - a +2 dagger of speed
Missiles
 x - 5 atropa-tipped darts
 z - a curare-tipped dart
Armour
 d - a +0 robe (worn)
 j - the +0 scale mail of Servitude {rF+ Int+2}
   (You found it on level 4 of the Dungeon)

   Int:       It affects your intelligence (+2).
   rF:        It protects you from fire.
 m - a +1 helmet (worn)
Jewellery
 f - a +6 ring of strength (left hand)
 n - an amulet of regeneration (around neck)
Scrolls
 c - a scroll of teleportation
 i - 2 scrolls of fog
 k - a scroll of magic mapping
 o - a scroll of vulnerability
 t - 3 scrolls of enchant weapon
 u - 3 scrolls of poison {unknown}
 y - 3 scrolls of torment
 A - 2 scrolls of enchant armour {unknown}
 B - a scroll of immolation {unknown}
 E - a scroll of amnesia {unknown}
 I - a scroll of blinking {unknown}
Potions
 e - a potion of degeneration {unknown}
 g - a potion of brilliance {unknown}
 h - 2 potions of curing {unknown}
 p - a potion of mutation {unknown}
 q - 2 potions of might {unknown}
 r - a potion of attraction {unknown}
 s - 3 potions of invisibility
 v - 2 potions of heal wounds {unknown}
 w - 2 potions of flight {unknown}
 C - a potion of berserk rage {unknown}
 D - a potion of magic {unknown}
 F - a potion of haste {unknown}
 G - a potion of cancellation {unknown}


   Skills:
 + Level 6.0 Fighting
 - Level 4.0 Ranged Weapons
 - Level 1.0 Armour
 + Level 3.1 Dodging
 + Level 0.7 Stealth
 + Level 3.1 Spellcasting
 - Level 1.0 Transmutations
 - Level 4.0 Air Magic
 - Level 7.0 Poison Magic
 - Level 1.0 Evocations


You had 7 spell levels left.
You knew the following spells:

 Your Spells              Type           Power      Damage    Failure   Level
a - Sting                 Tmut/Pois      100%       1d8       1%          1
b - Poisonous Vapours     Pois/Air       66%        N/A       1%          2
c - Olgreb's Toxic Radia  Pois           42%        N/A       4%          4

Your spell library contained the following spells:

 Spells                   Type           Power      Damage    Failure   Level
 Spider Form              Tmut/Pois      25%        N/A       4%          3
 Apportation              Tloc           8%         N/A       9%          1
 Slow                     Hex            16%        N/A       9%          1
 Ensorcelled Hibernation  Hex/Ice        8%         N/A       13%         2
 Confusing Touch          Hex            4%         N/A       26%         3
 Gell's Gravitas          Tloc           4%         N/A       26%         3
 Teleport Other           Tloc           4%         N/A       26%         3
 Vampiric Draining        Necr           4%         2d6       26%         3
 Alistair's Intoxication  Tmut/Pois      16%        N/A       43%         5
 Anguish                  Hex/Necr       2%         N/A       65%         4
 Dispersal                Tloc           2%         N/A       100%        6


Dungeon Overview and Level Annotations

Branches:
Dungeon (6/15)             Temple (0/1) D:6           Sewer (visited)

Shops:
D:1 [

Annotations:
D:3 Grinder


Innate Abilities, Weirdness & Mutations

You have an increased reservoir of magic. (+10% MP)
You shall have no god before yourself.
Your divine heritage dramatically boosts your attributes as you level up.


Message History

The wight is moderately damaged.
The wight hits you from afar with a +4 trident!
Fire: a) +2 sling
Press: ? - help, Q - select action, (/) - cycle Shift-Dir - straight line, f/p - wight
Aim: a wight, wielding a +4 trident and wearing a +0 leather armour (moderately damaged, 64% to hit)
You shoot a sling bullet.
The sling bullet hits the wight but does no damage.
The wight is moderately damaged.
The wight barely misses you.
Fire: a) +2 sling
Press: ? - help, Q - select action, (/) - cycle Shift-Dir - straight line, f/p - wight
Aim: a wight, wielding a +4 trident and wearing a +0 leather armour (moderately damaged, 64% to hit)
You shoot a sling bullet.
The sling bullet hits the wight but does no damage.
The wight is moderately damaged.
The wight hits you from afar with a +4 trident.
Fire: a) +2 sling
Press: ? - help, Q - select action, (/) - cycle Shift-Dir - straight line, f/p - wight
Aim: a wight, wielding a +4 trident and wearing a +0 leather armour (moderately damaged, 64% to hit)
You shoot a sling bullet. The sling bullet hits the wight.
The wight is heavily damaged.
The wight barely misses you.
Fire: a) +2 sling
Press: ? - help, Q - select action, (/) - cycle Shift-Dir - straight line, f/p - wight
Aim: a wight, wielding a +4 trident and wearing a +0 leather armour (heavily damaged, 64% to hit)
You shoot a sling bullet.
The sling bullet hits the wight but does no damage.
The wight is heavily damaged.
The wight hits you from afar with a +4 trident!
You feel drained.
* * * LOW HITPOINT WARNING * * *
The wight hits you from afar with a +4 trident!
* * * LOW HITPOINT WARNING * * *
The wight closely misses you.
The wight zaps a wand.
You resist with significant effort.
There is a stone staircase leading up here.
The wight zaps a wand.
Your mind is blasted!
* * * LOW HITPOINT WARNING * * *
The wight hits you from afar with a +4 trident!
You die...

### ########### #.#
#..z.@....# ###.#
##.........#
#...#####z.z.......#
###..#...............#
.......#.............#
....####.....#########
#....z..###'###
#######.#.....# #
#....#.⌠)⌠.###


You could see 3 wights.

Vanquished Creatures
  Prince Ribbit (D:5)
  4 humans (D:6)
  A black bear (D:6)
  2 ice beasts (D:5)
  3 phantoms
  8 kobold brigands (Sewer)
  5 scorpions
  A wight (D:6)
  2 hounds (D:6)
  2 iguanas (D:5)
  An orc wizard (D:4)
  4 adders
  A river rat (D:3)
  A white imp (D:6)
  2 ufetubi
  7 worms
  5 dart slugs
  2 orcs (D:4)
  8 ball pythons
  6 bats
  2 endoplasms (D:1)
  8 giant cockroaches
  4 goblins
  5 hobgoblins
  6 quokkas
  2 frilled lizards (D:1)
  10 kobolds
  10 rats
113 creatures vanquished.

Notes
Turn   | Place    | Note
-------+----------+-------------------------------------------
     0 | D:1      | wingedge the Demigod Wanderer began the quest for the Orb.
     0 | D:1      | wingedge set off with the following items: a +2 sling, a
                  | wand of polymorph (3), a potion of lignification, a +0
                  | robe; and the following spell memorised: Sting; and the
                  | following spells available to memorise: Spider Form.
     0 | D:1      | Reached XP level 1. HP: 16/16 MP: 4/4
   102 | D:1      | Reached XP level 2. HP: 14/23 MP: 5/5
   223 | D:1      | Found Yqelluju's Antique Armour Shop.
   294 | D:1      | Reached XP level 3. HP: 20/28 MP: 7/7
   538 | D:1      | Learned a level 2 spell: Poisonous Vapours
   737 | D:2      | Reached skill level 1 in Poison Magic
   757 | D:2      | Reached skill level 1 in Air Magic
  1686 | D:3      | Found a glowing drain.
  1726 | Sewer    | Entered a sewer
  1742 | Sewer    | Noticed a kobold brigand
  1757 | Sewer    | Reached XP level 4. HP: 35/36 MP: 3/9
  1766 | Sewer    | Killed a kobold brigand
  1912 | Sewer    | Noticed a kobold brigand
  1922 | Sewer    | Killed a kobold brigand
  1923 | Sewer    | Reached skill level 2 in Poison Magic
  1923 | Sewer    | Reached XP level 5. HP: 27/41 MP: 2/11
  2459 | Sewer    | Reached skill level 3 in Poison Magic
  2459 | Sewer    | Reached XP level 6. HP: 18/48 MP: 0/13
  2893 | Sewer    | Reached XP level 7. HP: 57/57 MP: 7/14
  3282 | D:3      | Noticed Grinder
  3284 | D:3      | Grinder changed into Grinder the red devil
  3284 | D:3      | Noticed Grinder
  3285 | D:3      | Grinder the red devil changed into Grinder the smoke demon
  3285 | D:3      | Noticed Grinder
  3689 | D:4      | Reached skill level 4 in Poison Magic
  3740 | D:4      | Learned a level 4 spell: Olgreb's Toxic Radiance
  4195 | D:4      | Identified the +0 scale mail of Servitude {rF+ Int+2}
  4326 | D:5      | Entered Level 5 of the Dungeon
  4685 | D:5      | Reached skill level 5 in Poison Magic
  5009 | D:5      | Reached skill level 6 in Poison Magic
  5052 | D:5      | Reached XP level 8. HP: 64/64 MP: 8/15
  5437 | D:5      | Noticed Prince Ribbit
  5452 | D:5      | Killed Prince Ribbit
  5930 | D:6      | Reached skill level 5 in Fighting
  6039 | D:6      | Reached skill level 7 in Poison Magic
  6219 | D:6      | Reached XP level 9. HP: 49/71 MP: 16/16
  6452 | D:6      | Found a staircase to the Ecumenical Temple.
  6565 | D:6      | Slain by a wight

Illustrated notes

Levels and vault maps discovered:
D:1:      ebering_hopf_link, layout_basic, serial_shops, shop
D:2:      kennysheep_big_flooded_room, layout_basic, serial_forest,
          infiniplex_forest_end_2, infiniplex_forest_clump_diagonal,
          infiniplex_forest_lined_4_way, infiniplex_forest_lined_3_way,
          infiniplex_forest_straight_4, infiniplex_forest_lined_3,
          infiniplex_forest_clump_long
D:3:      layout_basic, gup_sewer_entry_bubbles, uniq_grinder
D:4:      layout_basic
D:5:      layout_gridville, nicolae_overflows_in_rows, uniq_prince_ribbit1
D:6:      layout_rooms, minmay_temple_entry_hall, minmay_ruffians

Skill      XL: |  1  2  3  4  5  6  7  8 |
---------------+-------------------------+-----
Ranged Weapons | 4 |  4.0
Poison Magic   | 1 2 3 6 7 |  7.0
Air Magic      | 1 2 3 4 |  4.0
Fighting       | 2 3 6 |  6.0
Spellcasting   | 2 3 |  3.1
Dodging        | 3 |  3.1
Armour         | |  1.0
Stealth        | |  0.7
Transmutations | |  1.0
Evocations     | |  1.0

Action                     |  1- 3 |  4- 6 |  7- 9 || total
---------------------------+-------+-------+-------++-------
  Melee: Dagger            |       |       |     8 ||     8
         Hand axe          |       |       |    22 ||    22
   Fire: Sling             |   126 |    89 |   234 ||   449
   Cast: Poisonous Vapours |     5 |    45 |    92 ||   142
         Sting             |     2 |     4 |     2 ||     8
  Evoke: Wand              |       |       |     3 ||     3
    Use: Scroll            |     5 |       |     4 ||     9
         Potion            |       |     1 |       ||     1
 Armour: Robe              |     8 |     6 |    44 ||    58
         Skin              |       |     6 |       ||     6
  Dodge: Dodged            |    23 |    24 |   139 ||   186
